Map: Eternal Empire LE

Players

AGOElazer (Elazer)

  • Race: Zerg Zerg
  • League: Master
  • Spawn Location: 7:00

Serral - Winner!

  • Race: Zerg Zerg
  • League: Master
  • Spawn Location: 1:00

Event: DreamHack SC2 Masters 2020 Fall

VOD

Have the link to the VOD?

Description

Time

  • Played on: Sept. 8, 2020, 11:37 a.m.
  • Length: 18:46

All games in this series

Show
View Real Time Build Order
Export as new Build Order

AGOElazer Zerg 

Build Orders: Hatch First, Lurkers, Muta Ling Bane 

Get SALT Encoding   

  12  0:00  Drone  
  13  0:12  Overlord  
  13  0:16  Drone  
  14  0:30  Drone x2  
  16  0:47  Hatchery  
  15  0:50  Drone  
  15  0:54  Drone  
  17  0:57  Drone  
  18  1:08  Extractor  
  17  1:12  Spawning Pool  
  17  1:16  Drone  
  17  1:19  Drone  
  18  1:27  Drone  
  19  1:39  Drone  
  20  1:49  Drone  
  21  1:58  Queen  
  21  1:59  Drone, Queen  
  21  2:00  Overlord  
  26  2:07  Metabolic Boost  
  26  2:10  Drone  
  26  2:11  Zergling x2  
  28  2:20  Drone  
  28  2:21  Drone  
  30  2:32  Hatchery  
  30  2:35  Drone  
  30  2:38  Drone  
  30  2:43  Drone x2  
  33  2:50  Baneling Nest  
  32  2:53  Overlord  
  32  2:55  Zergling x2  
  33  3:03  Drone  
  33  3:04  Drone  
  35  3:07  Drone  
  35  3:08  Overlord  
  36  3:16  Drone x4  
  39  3:20  Zergling x4  
  41  3:30  Drone x2  
  41  3:32  Lair  
  41  3:34  Extractor  
  42  3:40  Drone x3  
  46  3:41  Drone x3  
  46  3:45  Queen  
  46  3:48  Overlord  
  50  3:51  Drone  
  51  3:59  Extractor, Zergling x4  
  52  4:08  Evolution Chamber  
  52  4:09  Drone, Extractor  
  51  4:12  Drone x2  
  51  4:13  Drone x2  
  51  4:15  Drone  
  51  4:16  Overlord  
  55  4:17  Zergling x6  
  55  4:20  Zergling x4  
  60  4:25  Overlord  
  60  4:28  Zergling x4  
  62  4:32  Spire  
  62  4:36  Zerg Melee Weapons Level 1  
  62  4:37  Zergling x2  
  62  4:40  Zergling x2  
  62  4:42  Baneling x2  
  62  4:43  Baneling  
  63  4:46  Baneling  
  63  4:47  Zergling x6  
  66  4:53  Drone x4  
  66  4:57  Drone x2  
  69  5:12  Baneling  
  66  5:17  Drone x3  
  66  5:18  Drone x5  
  66  5:19  Extractor  
  66  5:20  Drone x4, Extractor  
  75  5:23  Overlord  
  75  5:33  Overlord  
  75  5:44  Mutalisk x6  
  75  5:47  Drone x2  
  89  5:51  Drone x3, Zerg Flyer Weapons Level 1  
  89  5:52  Drone  
  89  5:53  Drone  
  94  6:03  Drone x2  
  96  6:07  Hatchery  
  96  6:09  Overlord  
  96  6:10  Mutalisk  
  97  6:16  Overlord  
  97  6:25  Overseer  
  97  6:27  Drone x3  
  97  6:31  Drone x6, Overlord  
  106  6:36  Overlord  
  106  6:43  Overlord, Unknown  
  106  6:46  Overlord x2  
  105  6:50  Mutalisk x4  
  113  6:57  Hatchery  
  113  6:58  Mutalisk x4  
  120  7:02  Overlord  
  120  7:05  Mutalisk  
  120  7:06  Mutalisk  
  120  7:08  Overlord  
  124  7:10  Zerg Melee Weapons Level 2  
  124  7:14  Drone x3  
  129  7:15  Drone x2  
  129  7:17  Overlord  
  129  7:21  Mutalisk x2  
  133  7:23  Drone x2  
  133  7:25  Drone  
  133  7:28  Overlord  
  136  7:33  Mutalisk x2  
  135  7:40  Mutalisk  
  135  7:42  Overlord  
  137  7:47  Overlord  
  137  7:48  Drone x8  
  145  7:53  Centrifical Hooks  
  145  7:56  Mutalisk x3  
  151  7:58  Overlord  
  151  8:01  Mutalisk  
  151  8:05  Zergling x2  
  154  8:09  Drone x3  
  154  8:10  Unknown  
  156  8:13  Zergling x2  
  156  8:14  Zergling x2  
  158  8:20  Zergling x6, Hatchery  
  158  8:25  Overlord  
  158  8:26  Zergling x20  
  170  8:27  Zerg Flyer Weapons Level 2  
  170  8:30  Zergling x2  
  171  8:35  Pneumatized Carapace  
  171  8:36  Zergling x6  
  174  8:41  Mutalisk  
  174  8:42  Mutalisk x2  
  174  8:46  Baneling x13  
  174  8:47  Zergling x4  
  182  8:55  Baneling x11  
  181  8:58  Zergling x24  
  181  9:01  Overseer  
  193  9:05  Baneling x8  
  193  9:06  Zergling x6  
  196  9:12  Infestation Pit  
  195  9:19  Zergling x8  
  159  9:31  Mutalisk  
  159  9:32  Mutalisk x5  
  159  9:34  Zergling x16  
  165  9:40  Zergling x8  
  164  9:49  Hive  
  164  9:50  Baneling  
  164  9:51  Baneling x11  
  164  9:53  Zergling x20  
  164  9:54  Zergling x8  
  164  9:55  Overseer  
  178  10:00  Baneling x7, Overseer  
  178  10:06  Zergling x10  
  183  10:09  Unknown  
  183  10:12  Zergling x6  
  155  10:21  Mutalisk x6  
  155  10:23  Zergling x10  
  155  10:24  Zergling x4  
  166  10:32  Zergling x8  
  166  10:34  Baneling x10  
  165  10:37  Mutalisk  
  165  10:42  Zerg Missile Weapons Level 1  
  166  10:45  Hydralisk Den  
  166  10:46  Zergling x10  
  166  10:48  Baneling x7  
  170  10:54  Zergling x10  
  158  11:05  Drone x5  
  159  11:17  Zergling x22  
  170  11:20  Drone, Muscular Augments  
  170  11:21  Evolution Chamber  
  170  11:22  Lurker Den  
  169  11:30  Baneling x9  
  169  11:31  Baneling x8  
  169  11:38  Drone x3  
  169  11:39  Drone x4  
  176  11:52  Baneling x17, Hatchery  
  176  11:53  Zergling x8  
  179  11:57  Baneling x8  
  179  11:58  Overlord x3  
  144  12:19  Seismic Spines, Zerg Ground Armor Level 1  
  144  12:20  Hydralisk  
  144  12:21  Hydralisk x11  
  168  12:34  Hydralisk x10  
  182  12:37  Overseer  
  182  12:38  Zerg Missile Weapons Level 2  
  182  12:40  Extractor  
  181  12:44  Extractor  
  181  12:50  Overlord  
  179  12:55  Lurker x3  
  179  12:57  Lurker x3  
  184  13:16  Adaptive Talons  
  181  13:20  Hydralisk x9  
  197  13:28  Overlord  
  195  13:45  Overlord x4  
  195  13:46  Overseer x2  
  195  14:16  Viper x6  
  198  14:22  Zerg Ground Armor Level 2  
  198  14:24  Grooved Spines, Zerg Flyer Armor Level 1  
  198  14:31  Spine Crawler  
  198  14:32  Spine Crawler  
  198  14:33  Spore Crawler  
  198  14:34  Spine Crawler x2, Spore Crawler  
  198  14:35  Overseer x3  
  198  14:37  Hydralisk x4  
  200  14:41  Hatchery  
  187  15:09  Drone x5  
  187  15:14  Hydralisk x7  
  199  15:28  Overlord  
  192  15:46  Hydralisk  
  192  15:47  Hydralisk x3  
  177  16:16  Viper x3  
  177  16:17  Viper  
  187  16:26  Overseer  
  187  16:33  Overlord x3, Overseer x2  
  187  16:34  Hatchery  
  187  16:35  Unknown  
  185  16:44  Overlord x2  
  150  17:17  Hydralisk x9  
  135  17:26  Hydralisk x3  
  135  17:27  Hydralisk x3  
  109  17:34  Hydralisk x4  
  109  17:37  Lurker x3  
  120  17:43  Extractor  
  119  17:46  Viper x2  
  125  17:52  Unknown  
  125  17:53  Hatchery  
  125  17:55  Spore Crawler  
  125  17:57  Drone x8  
  130  18:01  Drone x7, Spore Crawler  
  130  18:03  Spore Crawler  
  134  18:15  Extractor  
  134  18:19  Hydralisk x6  
  124  18:20  Extractor  
  122  18:27  Overlord  
Show
View Real Time Build Order
Export as new Build Order

Serral Zerg - Winner!

Build Orders: Hatch First, Lurkers, Roach Hydra 

Get SALT Encoding   

  12  0:00  Drone  
  13  0:12  Overlord  
  13  0:16  Drone  
  14  0:30  Drone x2  
  16  0:48  Hatchery  
  15  0:51  Drone  
  15  0:55  Drone  
  17  0:58  Drone  
  18  1:09  Extractor  
  17  1:13  Spawning Pool  
  17  1:16  Drone  
  17  1:19  Drone  
  18  1:27  Drone  
  19  1:38  Drone  
  20  1:48  Drone  
  21  2:00  Queen x2, Overlord  
  21  2:01  Zergling x2  
  26  2:08  Metabolic Boost  
  26  2:10  Drone  
  26  2:11  Drone  
  28  2:21  Drone  
  28  2:22  Drone  
  30  2:33  Hatchery  
  30  2:35  Drone  
  30  2:38  Drone  
  30  2:44  Queen  
  33  2:51  Zergling x2  
  33  2:52  Baneling Nest  
  33  2:57  Overlord  
  33  2:59  Drone  
  33  3:01  Drone  
  33  3:05  Drone  
  36  3:15  Drone x4  
  36  3:16  Overlord  
  36  3:19  Zergling x2  
  41  3:22  Zergling x2  
  41  3:24  Zergling x2  
  43  3:28  Zergling x2  
  43  3:30  Evolution Chamber  
  43  3:36  Drone x2  
  43  3:40  Drone x3  
  47  3:45  Overlord  
  47  3:46  Drone  
  48  3:48  Drone  
  48  3:52  Drone x3  
  52  3:57  Zerg Missile Weapons Level 1  
  52  3:58  Drone  
  53  4:03  Overlord  
  53  4:04  Drone  
  53  4:07  Lair  
  54  4:10  Extractor  
  54  4:11  Extractor  
  54  4:15  Drone, Roach Warren  
  52  4:17  Drone  
  52  4:18  Drone  
  52  4:23  Drone  
  52  4:24  Drone x2  
  57  4:26  Baneling  
  57  4:28  Drone x3  
  57  4:29  Drone  
  61  4:32  Drone x2  
  61  4:35  Drone x2  
  61  4:37  Zergling x2  
  66  4:39  Drone  
  66  4:40  Drone  
  66  4:42  Baneling x2  
  69  4:45  Zergling x2  
  69  4:46  Extractor  
  69  4:47  Overlord  
  69  4:49  Zergling x2  
  69  4:54  Drone x2  
  69  4:55  Roach  
  69  4:56  Drone  
  73  5:01  Baneling x2  
  73  5:10  Roach x2  
  70  5:15  Baneling x2  
  70  5:17  Drone x2  
  70  5:18  Drone x2, Overseer  
  70  5:20  Drone x2  
  76  5:22  Drone x4, Extractor  
  76  5:25  Drone x2  
  81  5:30  Glial Reconstitution  
  81  5:32  Overlord, Pneumatized Carapace  
  81  5:36  Overlord x2  
  81  5:39  Overlord  
  81  5:40  Extractor  
  81  5:41  Drone  
  81  5:50  Queen x2  
  81  5:51  Zerg Ground Armor Level 1  
  81  5:53  Drone x4  
  81  5:55  Drone x2  
  81  5:56  Drone x2  
  93  6:02  Infestation Pit  
  93  6:03  Hydralisk Den  
  93  6:04  Overlord  
  91  6:06  Drone x3  
  94  6:12  Spore Crawler  
  94  6:14  Spore Crawler  
  94  6:15  Roach x3  
  98  6:23  Spore Crawler  
  97  6:26  Queen, Spore Crawler  
  97  6:31  Overlord  
  98  6:32  Overlord  
  98  6:35  Hatchery  
  98  6:40  Infestor x3  
  98  6:42  Muscular Augments  
  98  6:46  Spore Crawler  
  102  6:47  Drone x2  
  102  6:52  Hydralisk, Spore Crawler, Hatchery  
  102  6:53  Roach x2  
  108  6:59  Drone  
  108  7:00  Hydralisk x2, Spore Crawler  
  112  7:06  Drone, Spore Crawler  
  112  7:07  Drone  
  113  7:10  Hydralisk x3  
  113  7:14  Hydralisk x2, Baneling  
  123  7:21  Hydralisk  
  123  7:22  Hydralisk x2  
  129  7:26  Drone  
  130  7:35  Overlord x2  
  130  7:36  Unknown  
  128  7:40  Overlord, Spore Crawler  
  128  7:42  Drone x2  
  128  7:43  Lurker Den  
  128  7:44  Spore Crawler  
  126  7:45  Drone x2  
  126  7:50  Overlord  
  126  7:51  Overlord x2  
  127  7:53  Drone  
  127  7:56  Hydralisk  
  127  7:57  Grooved Spines  
  127  7:58  Zerg Missile Weapons Level 2  
  129  8:01  Spore Crawler  
  129  8:02  Hydralisk  
  130  8:06  Drone x2  
  130  8:08  Hydralisk  
  130  8:10  Hydralisk, Spore Crawler  
  133  8:15  Hydralisk x2  
  133  8:16  Roach  
  139  8:25  Hydralisk x2  
  139  8:26  Roach x3  
  149  8:34  Hydralisk x3  
  153  8:45  Roach  
  153  8:46  Roach x3  
  162  8:48  Lurker  
  162  8:49  Lurker x3  
  162  8:50  Spore Crawler  
  162  8:53  Hive, Spore Crawler  
  163  8:57  Spore Crawler  
  163  8:58  Drone  
  163  9:00  Roach  
  163  9:02  Spore Crawler, Overseer  
  162  9:07  Drone x2  
  164  9:10  Spore Crawler  
  164  9:13  Hydralisk  
  164  9:14  Roach x2  
  169  9:19  Drone x3  
  168  9:33  Hydralisk x2  
  168  9:34  Roach x2  
  168  9:38  Evolution Chamber  
  173  9:43  Drone x3  
  173  9:44  Drone x2  
  165  9:50  Drone x4  
  165  9:51  Lurker  
  165  9:52  Lurker, Unknown  
  170  9:53  Burrow  
  170  9:59  Drone  
  171  10:02  Drone x2  
  171  10:05  Hydralisk x2  
  175  10:13  Hydralisk x4  
  147  10:25  Hydralisk x5  
  153  10:32  Drone x6  
  138  10:39  Viper x2  
  138  10:41  Viper  
  145  10:48  Drone  
  146  10:50  Zerg Missile Weapons Level 3  
  143  11:02  Drone x3, Spore Crawler  
  143  11:03  Spore Crawler  
  141  11:05  Unknown  
  141  11:06  Viper  
  141  11:08  Drone  
  130  11:18  Drone  
  130  11:21  Hydralisk x2  
  130  11:22  Roach x3  
  141  11:30  Drone x5  
  146  11:34  Lurker x2  
  146  11:36  Hydralisk  
  150  11:42  Seismic Spines  
  150  11:56  Roach  
  150  11:57  Roach x3  
  158  12:12  Hydralisk x2  
  158  12:13  Roach x5, Hatchery  
  163  12:17  Drone x2  
  163  12:22  Hydralisk  
  160  12:30  Extractor  
  160  12:31  Drone x3  
  162  12:37  Tunneling Claws  
  162  12:38  Drone x2  
  162  12:42  Hydralisk  
  164  13:03  Lurker x4  
  168  13:08  Adaptive Talons, Overlord x2  
  168  13:10  Overseer  
  168  13:18  Overlord x4  
  168  13:19  Overlord  
  168  13:25  Roach x10  
  168  13:27  Zerg Ground Armor Level 2  
  168  13:31  Queen x3  
  168  13:32  Viper x2  
  168  13:33  Hydralisk x5  
  182  13:38  Drone x5  
  189  13:42  Drone  
  189  13:46  Roach x10  
  189  13:48  Hydralisk x2  
  192  13:59  Extractor  
  192  14:01  Hydralisk x2  
  192  14:02  Hydralisk x3  
  195  14:03  Extractor  
  195  14:09  Drone x2  
  192  14:18  Overseer  
  192  14:19  Overseer  
  192  14:20  Drone x4  
  192  14:24  Extractor  
  195  14:26  Drone x2, Spore Crawler x2  
  195  14:28  Roach x3  
  195  14:29  Lurker x2, Roach  
  195  14:30  Lurker  
  195  14:31  Hydralisk  
  198  14:33  Roach x2  
  198  14:34  Roach x2  
  200  14:40  Overlord  
  200  14:46  Roach  
  200  14:47  Roach x3  
  200  14:49  Spore Crawler  
  199  14:57  Roach x4  
  199  15:00  Hatchery  
  195  15:13  Hydralisk x2, Swarm Host  
  198  15:25  Hydralisk  
  196  15:41  Roach x3  
  196  15:42  Roach  
  192  15:47  Hydralisk  
  192  15:48  Hydralisk x3  
  191  16:00  Viper x4  
  200  16:06  Overseer x2  
  189  16:21  Hatchery  
  189  16:22  Lurker x4  
  189  16:23  Lurker x4, Overseer  
  196  16:26  Hydralisk x2  
  196  16:29  Lurker x2  
  196  16:34  Drone x4  
  200  16:45  Overseer x2  
  200  16:46  Unknown  
  199  16:47  Drone  
  199  16:52  Hatchery  
  194  17:13  Hydralisk x10  
  200  17:20  Overlord x3, Overseer  
  188  17:25  Hydralisk x10  
  188  17:29  Overlord  
  195  17:30  Drone x3  
  192  17:48  Lurker x3, Overseer  
  195  17:56  Viper  
  198  18:01  Overseer  
  198  18:02  Spine Crawler, Viper  
  200  18:16  Overseer  

Tags
 
Add a new tag
Caveats
  • Supply blocks, unpowered buildings, or Contaminate may cause inaccurate times.
  • Supply counts are checked every 10 seconds.